 Dungeon Crawl Stone Soup version 0.31-a0-277-g31ea1f65cc (webtiles) character file.

Game seed: 17273784527565457948

937 Flugkiller the Insei (level 8, -2/54 HPs)
             Began as an Octopode Shapeshifter on July 15, 2023.
             Slain by an ogre
             ... wielding a +0 giant spiked club
              (28 damage)
             ... on level 6 of the Dungeon.
             The game lasted 00:04:38 (4145 turns).

Flugkiller the Insei (Octopode Shapeshifter)        Turns: 4145, Time: 00:04:38

Health: -2/54      AC:  1    Str: 20    XL:     8   Next: 12%
Magic:  8/8        EV: 13    Int: 10    God:
Gold:   201        SH:  9    Dex: 15    Spells: 7/7 levels left

rFire   . .          .
                       - Unarmed
rCold   . . .        n - +0 kite shield
rNeg    . . .        (helmet currently unavailable)
rPois   +            (no amulet)
rElec   .            l - +6 ring of strength
rCorr   .            o - ring of poison resistance
SInv    .            (no ring)
Will    .....        (no ring)
Stlth   ++           (no ring)
HPRegen 0.29/turn    (no ring)
MPRegen 0.11/turn    (no ring)
                     (no ring)

%: no passive effects
@: beast-form, weak-willed
A: beast (slay +3), almost no armour, amphibious, 8 rings, camouflage 1,
gelatinous body 1, (nimble swimmer 1), tentacles
a: Begin Untransformation


You were on level 6 of the Dungeon.
You were a hulking beast.
You visited 1 branch of the dungeon, and saw 6 of its levels.

You collected 255 gold pieces.
You spent 54 gold pieces at shops.

Inventory:

Armour
 n - a +0 kite shield (worn)
   (You found it on level 2 of the Dungeon)
Jewellery
 f - a ring of flight
   (You found it on level 1 of the Dungeon)
 k - a ring of wizardry
   (You found it on level 2 of the Dungeon)
 l - a +6 ring of strength (left tentacle)
   (You found it on level 2 of the Dungeon)
 m - a ring of wizardry
   (You found it on level 2 of the Dungeon)
 o - a ring of poison resistance (right tentacle)
   (You found it on level 5 of the Dungeon)
 q - a ring of ice
   (You found it on level 2 of the Dungeon)
 u - a +6 ring of intelligence
   (You took it off an orc on level 4 of the Dungeon)
Talismans
 b - a beast talisman
 v - a serpent talisman
   (You found it on level 4 of the Dungeon)
 z - a maw talisman
   (You found it on level 5 of the Dungeon)
Wands
 a - a wand of flame (6)
   (You took it off Jessica on level 3 of the Dungeon)
Scrolls
 c - a scroll of amnesia {unknown}
 d - 2 scrolls of revelation
 e - a scroll of enchant weapon {unknown}
 j - a scroll of torment {unknown}
 p - a scroll of identify {unknown}
 r - 3 scrolls of vulnerability
 t - 5 scrolls of teleportation
 w - a scroll of noise {unknown}
 y - a scroll of brand weapon {unknown}
 C - 2 scrolls of poison {unknown}
Potions
 g - a potion of haste {unknown}
 h - 2 potions of curing {unknown}
 i - a potion of magic {unknown}
 s - a potion of enlightenment
 x - a potion of mutation {unknown}
 A - a potion of cancellation {unknown}
 B - a potion of degeneration {unknown}
 D - a potion of heal wounds {unknown}


   Skills:
 + Level 4.1 Fighting
 + Level 4.0 Dodging
 - Level 3.3 Shields
 * Level 5.2 Unarmed Combat
 * Level 4.5 Shapeshifting


You had 7 spell levels left.
You didn't know any spells.
Your spell library was empty.

Dungeon Overview and Level Annotations

Branches:
Dungeon (6/15) Zot: 26837  Temple (0/1) D:6

Altars:
Ashenzari
Dithmenos
Fedhas
Gozag
Nemelex Xobeh
Qazlal
Uskayaw

Shops:
D:3 *

Annotations:
D:3 3 runed translucent doors, Gruesome's ghost, amateur OgFE; Losyloc's ghost, amateur OpCK; makewrite's ghost, amateur MiFi


Innate Abilities, Weirdness & Mutations

You are a hulking beast.
Your limbs bulge with bestial killing power. (Slay +3)
You cannot wear most types of armour.
You are amphibious.
You can wear up to eight rings at the same time.
Your skin changes colour to match your surroundings (Stealth+).
Your rubbery body absorbs attacks. (AC +1, EV +1)
((You are camouflaged when in or above water. (Stealth+)))
You have tentacles for arms and can constrict up to eight enemies at once.


Message History

You bludgeon the scorpion! You grab the scorpion.
The scorpion is heavily wounded.
You constrict the scorpion.
You feel very sick. The scorpion barely misses you.
You block the scorpion's attack.
You bludgeon the scorpion!
The scorpion is almost dead.
You constrict the scorpion.
You feel sick. You block the scorpion's attack.
You tentacle-slap the scorpion.
You kill the scorpion!
You feel sick.
No target in view!
No target in view!
You feel sick.
You see here a scorpion corpse.
You feel sick.
You feel sick.
There is an open door here.
You feel sick.
You feel sick.
You feel sick.
You are no longer poisoned.
Done exploring.
Done exploring.
Done exploring.
Okay, then.
You start resting.
HP restored.
o - a ring of poison resistance (right tentacle) Done exploring.
Done exploring.
Done exploring.
(D) Dungeon
Where to? (Enter - D:5, ? - help)
There is a stone staircase leading down here.
You climb downwards.
You hear the hiss of flowing sand.
There is an entrance to an ossuary on this level.
Hurry and find it before the portal is buried!
Found a ring of ice.
Found a stone staircase leading down.
There is a stone staircase leading up here.
There are monsters nearby!
The sky beast flickers out of sight!
Deactivating autopickup; reactivate with Ctrl-A.
The hound barks!
The orc shouts!
You hear a shout! x2
An orc wizard comes into view. It is wielding a +0 dagger.
An orc comes into view. It is wielding a +0 dagger.
An orc priest comes into view. It is wielding a +0 club.
A centaur comes into view.
The orc priest mumbles some strange prayers to Beogh against you.
Beogh smites you!
A sky beast appears from thin air!
Reactivating autopickup.
The centaur wields a +0 orcbow.
The centaur shoots an arrow.
You block the arrow.
The sky beast flickers out of sight!
Deactivating autopickup; reactivate with Ctrl-A.
The centaur shoots an arrow.
The arrow hits you!
The centaur shoots an arrow.
The arrow hits you.
You climb upwards.
Reactivating autopickup.
There is a stone staircase leading down here.
You start resting.
HP restored.
You open the door.
There is an open door here.
There is an open door here.
There is a stone staircase leading down here.
You climb downwards.
You hear the hiss of flowing sand.
There is an entrance to an ossuary on this level.
Hurry and find it before the portal is buried!
You hear the slow hiss of a distant avalanche of sand.
There is a stone staircase leading up here.
Found a scroll labelled EWUSUA HOIMOEN.
C - 2 scrolls labelled EWUSUA HOIMOEN (gained 1)
As you read the scroll labelled QOACIO FARY, it crumbles to dust.
Magic quickly surges around you.
It was a scroll of vulnerability.
Unknown command.
As you read the scroll of revelation, it crumbles to dust.
You feel aware of your surroundings.
You sensed 7 altars, and 1 shop/portal.
An ogre comes into view. It is wielding a +0 giant spiked club.
Found an opulent altar of Gozag and a hide-covered altar of Uskayaw.
Unknown command.
Found a scroll labelled ZUROLUCLET.
The helpless ogre fails to defend itself.
You bludgeon the ogre!
The ogre is moderately wounded.
You block the ogre's attack.
You bludgeon the ogre!
The ogre is heavily wounded.
The ogre hits you with a +0 giant spiked club!!
Ouch! That really hurt!
You are too injured to fight recklessly!
You tentacle-slap the ogre. You squeeze the ogre.
The ogre is severely wounded.
You barely miss the ogre.
The ogre is severely wounded.
You block the ogre's attack.
You tentacle-slap the ogre.
The ogre is severely wounded.
The ogre hits you with a +0 giant spiked club!!
Ouch! That really hurt!
You die...

*,**8,8*,,,,,,,,,,..,,?,,,,,,,,,,
,,**,,,*,*+#######.##..,*,,,,**,,
****,,,*,*,#<.........,,*,**,,,,,
****,,,***##...#...#.##.,,,,,,**,
*8,,,,...8#....+...#....**,,*,,,,
*,_,,_.._.#..###......#,,,,,*,**,
*8,,,,...8#.........#,*,**,,,,,,,
*,,,,,....#...##....#...,,,**,*,,
*,,,,,....#....+h.....#*,>,,,,*,,
*8_,,_.._8#.#.##O..##...,,,**,,,,
*,8,8,8.8.#....#......#.**,,,,**,
******#######..#...##.#,,,,**,,,,
#######........,..,*,,,,,*,
########.##..##,*#,*,,**,*,
########..##...,,,,,,,,,,,,
####...........,,,,********
#.....######..#******** *


You could see an ogre.

Vanquished Creatures
  A water moccasin (D:5)
  2 black bears
  A phantom (D:4)
  3 scorpions
  3 hounds
  A jelly (D:5)
  2 orc priests (D:5)
  An iguana (D:5)
  Jessica (D:3)
  9 adders
  A white imp (D:5)
  3 ufetubi
  A dart slug (D:3)
  2 orcs
  7 ball pythons
  6 endoplasms
  3 giant cockroaches
  4 goblins
  5 hobgoblins
  10 jackals
  6 kobolds
  3 quokkas
  4 bats
  4 frilled lizards
  6 rats
89 creatures vanquished.

Notes
Turn   | Place    | Note
-------+----------+-------------------------------------------
     0 | D:1      | Flugkiller the Octopode Shapeshifter began the quest for
                  | the Orb.
     0 | D:1      | Reached XP level 1. HP: 14/14 MP: 1/1
   178 | D:1      | Reached XP level 2. HP: 19/19 MP: 2/2
   844 | D:2      | Found a faded altar of an unknown god.
   911 | D:2      | Reached XP level 3. HP: 25/25 MP: 3/3
  1512 | D:3      | Found Ameol's Assorted Antiques.
  1517 | D:3      | Bought 2 white potions for 54 gold pieces
  1522 | D:3      | Found a shadowy altar of Dithmenos.
  1580 | D:3      | Reached skill level 1 in Shields
  1587 | D:3      | Reached XP level 4. HP: 30/30 MP: 4/4
  1591 | D:3      | Found a stormy altar of Qazlal.
  1755 | D:3      | Found an opulent altar of Gozag.
  1755 | D:3      | Found a sparkling altar of Nemelex Xobeh.
  1820 | D:3      | Noticed Jessica
  1829 | D:3      | Killed Jessica
  1830 | D:3      | Reached skill level 3 in Unarmed Combat
  1830 | D:3      | Reached XP level 5. HP: 15/36 MP: 5/5
  2130 | D:3      | Found a runed translucent gate.
  2130 | D:3      | Found a runed translucent gate.
  2131 | D:3      | Found a runed translucent gate.
  2132 | D:3      | Noticed makewrite's ghost (amateur MiFi)
  2133 | D:3      | Noticed Gruesome's ghost (amateur OgFE)
  2134 | D:3      | Noticed Losyloc's ghost (amateur OpCK)
  2467 | D:4      | Noticed a phantom
  2484 | D:4      | Killed a phantom
  2485 | D:4      | Reached XP level 6. HP: 31/42 MP: 6/6
  2696 | D:4      | Found a broken altar of Ashenzari.
  2903 | D:4      | Noticed a black bear
  2909 | D:4      | Reached skill level 4 in Unarmed Combat
  2909 | D:4      | Reached XP level 7. HP: 38/46 MP: 7/7
  3265 | D:5      | Entered Level 5 of the Dungeon
  3269 | D:5      | Found a blossoming altar of Fedhas.
  3711 | D:5      | Reached skill level 5 in Unarmed Combat
  3711 | D:5      | Reached XP level 8. HP: 54/54 MP: 8/8
  4131 | D:6      | Found an opulent altar of Gozag.
  4131 | D:6      | Found a hide-covered altar of Uskayaw.
  4145 | D:6      | Slain by an ogre

Illustrated notes

Levels and vault maps discovered:
D:1:      pf_arrival_petrified_forest, layout_loops_ring
D:2:      layout_basic, basic_ecumenical_altar, kennysheep_generic_room_12
D:3:      layout_loops_ring, grunt_temple_overflow_opulence,
          mainiacjoe_overflow_catwalk, nicolae_dithmenos_the_darkroom,
          gammafunk_ghost_cemetery, serial_shops, shop, kennysheep_nondescript,
          chequers_serial_rivers_marsh, minmay_cupped, uniq_jessica
D:4:      layout_loops_corners, nicolae_ashenzari_panopticon
D:5:      layout_gridville, fedhas_ov_isle_minmay, kennysheep_generic_room_3
D:6:      layout_basic, nicolae_sif_muna_little_library, doesnt_xom_only_xom,
          minmay_temple_entry_ruins, lightli_ossuary_entry_decrepit_ruins,
          hangedman_abyss_or_decor_jellyfish_corner

Skill      XL: |  1  2  3  4  5  6  7  8 |
---------------+-------------------------+-----
Shields        | 1 2 3 |  3.3
Unarmed Combat | 3 4 5 |  5.2
Fighting       | 3 4 |  4.1
Dodging        | 3 4 |  4.0
Shapeshifting  | 4 |  4.5

Action                     |  1- 3 |  4- 6 |  7- 9 || total
---------------------------+-------+-------+-------++-------
  Melee: Unarmed           |    71 |    94 |    44 ||   209
         Constrict         |    19 |    15 |    10 ||    44
         Tentacles         |    12 |    13 |    10 ||    35
         Punch             |     3 |     4 |     3 ||    10
    Use: Scroll            |     1 |     1 |     2 ||     4
         Potion            |       |     2 |       ||     2
   Stab: Sleeping          |    15 |     7 |     3 ||    25
 Armour: Skin              |     2 |    51 |     2 ||    55
  Dodge: Dodged            |    31 |    39 |    23 ||    93
  Block: Kite shield       |     8 |    49 |    15 ||    72
   Form: Beast             |       |       |     2 ||     2
         Anaconda          |       |       |     1 ||     1
         Maw               |       |       |     1 ||     1

Table legend: (Time is in decaauts)
 A = Elapsed time spent in this place.
 B = Non-inter-level travel time spent in this place.
 C = Inter-level travel time spent in this place.
 D = Time resting spent in this place.
 E = Time spent auto-exploring this place.
 F = Levels seen in this place.
 G = Mean time per level.
                   A        B        C        D        E       F      G
               +--------+--------+--------+--------+--------+-----+--------+
         Total |   4153 |   3956 |    197 |    618 |   2635 |   6 |  692.2 |
       Dungeon |   4153 |   3956 |    197 |    618 |   2635 |   6 |  692.2 |
               +--------+--------+--------+--------+--------+-----+--------+

Top non-repeatable levels by time:
     D:4: 927 daAuts
     D:3: 875 daAuts
     D:5: 846 daAuts
     D:1: 792 daAuts
     D:2: 676 daAuts
     D:6: 34 daAuts
